 Dungeon Crawl Stone Soup version 0.15-a0-1723-gae8f746 (webtiles) character file.

271 Crauler the Shield-Bearer (level 6, -5/42 HPs)
             Began as a Halfling Fighter on June 26, 2014.
             Killed from afar by Pikel (18 damage)
             ... with a wand of fire
             ... on Level 4 of the Dungeon.
             The game lasted 00:20:56 (3776 turns).

Crauler the Shield-Bearer (Halfling Fighter)        Turns: 3776, Time: 00:20:56

HP  -5/42        AC 10     Str 16      XL: 6   Next: 47%
MP   6/6         EV  8     Int  7      God:
Gold 132         SH  7     Dex 16      Spells:  0 memorised,  5 levels left

rFire  . . .     SeeInvis .     i - +0 blowgun
rCold  . . .     Clarity  .     w - +1 chain mail {rPois}
rNeg   . . .     rCorr    .     u - +1 buckler
rPois  +         rRot     .     (no helmet)
rElec  .         Spirit   .     (no cloak)
SustAb +         Warding  .     (no gloves)
rMut   .         Stasis   .     (no boots)
Gourm  .                        (no amulet)
MR     .....                    (no ring)
                                l - ring of sustain abilities

@: not resistant to hostile enchantments, extremely unstealthy
A: mutation resistance 1
a: no special abilities


You were on level 4 of the Dungeon.
You were not hungry.

You visited 1 branch of the dungeon, and saw 4 of its levels.

You collected 132 gold pieces.

Inventory:

Hand weapons
 a - a +0 long sword
 i - a +0 blowgun (weapon)
Missiles
 r - 10 poisoned needles (quivered)
Armour
 b - a +0 scale mail
 u - a +1 buckler (worn)
 w - a +1 chain mail of poison resistance (worn)
Magical devices
 c - a wand of frost (14)
Comestibles
 d - 5 bread rations
 f - 3 fruits
 g - 2 beef jerkies
Scrolls
 h - a scroll of teleportation
 j - 2 scrolls of magic mapping
 m - a scroll of fog {unknown}
 n - a scroll of remove curse
 o - 5 scrolls of identify
Jewellery
 l - a ring of sustain abilities (left hand)
Potions
 e - 2 potions of might
 k - a potion of lignification
Books
 t - a book of Dreams

   Spells                             Type                      Level
   Ensorcelled Hibernation            Hexes/Ice                    2
   Flight                             Charms/Air                   3
   Phase Shift                        Translocation                5
   Shadow Creatures                   Summoning                    5
   Mass Confusion                     Hexes                        6
   Darkness                           Hexes                        7


   Skills:
 + Level 3.3 Fighting
 * Level 3.7 Long Blades
 + Level 4.1 Armour
 + Level 2.9 Dodging
 + Level 4.3 Shields


You had 5 spell levels left.
You didn't know any spells.

Dungeon Overview and Level Annotations

Branches:
Dungeon (4/15)
 Temple: D:4-7

Altars:
Ashenzari
Qazlal
Sif Muna

Annotations:
D:4 Pikel


Innate Abilities, Weirdness & Mutations

You are small and have problems with some larger weapons.
You are somewhat resistant to further mutation.


Message History

You see here a poisoned needle.
Pikel looks more healthy.
Pikel zaps a wand.
The bolt of fire hits the quokka.
The quokka dies!
The bolt of fire misses you.
Pikel cracks his whip.
Found 7 gold pieces.
Firing (i - inventory):
r - 11 poisoned needles (quivered)
Press: ? - help, Shift-Dir - straight line, f/p - Pikel
Aim: Pikel, wielding a glowing whip, wearing a robe and carrying a wand of fire {zapped: 4} (heavily wounded)
Okay, then.
Pikel says, "Slavery isn't that bad."
Pikel zaps a wand.
The bolt of fire misses you.
Firing (i - inventory):
r - 11 poisoned needles (quivered)
Press: ? - help, Shift-Dir - straight line, f/p - Pikel
Aim: Pikel, wielding a glowing whip, wearing a robe and carrying a wand of fire {zapped: 5} (heavily wounded)
You shoot a poisoned needle.
The poisoned needle closely misses Pikel.
Pikel zaps a wand.
The bolt of fire hits you!
You die...

.. ### ##.# #<#
#..# ##.# ..# #..#
..## #### ##@.#
...## #..## #.p.#
#...##
#...####..##
.#...###....##...#
p.#.........)#..##
.............K..#
#.....####.....##
#[......###.(...#
#.#.......##.....#


You could see Pikel and a slave.

Vanquished Creatures
  2 slaves
  An ogre (D:4)
  A hound (D:4)
  An iguana (D:4)
  A worker ant (D:4)
  Terence (D:2)
  2 adders (D:3)
  6 worms
  4 giant geckos
  An ooze (D:2)
  An orc (D:3)
  3 giant cockroaches
  2 goblins
  6 hobgoblins
  7 kobolds
  6 bats
  6 giant newts
  6 rats
57 creatures vanquished.

Vanquished Creatures (others)
  A quokka (D:4)
1 creature vanquished.

Grand Total: 58 creatures vanquished

Notes
Turn   | Place    | Note
--------------------------------------------------------------
     0 | D:1      | Crauler, the Halfling Fighter, began the quest for the Orb.
     0 | D:1      | Reached XP level 1. HP: 15/15 MP: 1/1
   140 | D:1      | Reached XP level 2. HP: 18/20 MP: 2/2
   656 | D:2      | Noticed Terence
   824 | D:2      | Reached skill level 1 in Dodging
  1063 | D:2      | Reached XP level 3. HP: 20/25 MP: 3/3
  1191 | D:2      | Killed Terence
  1718 | D:2      | Reached XP level 4. HP: 18/30 MP: 4/4
  2043 | D:2      | Found a deep blue altar of Sif Muna.
  2088 | D:3      | Found a stormy altar of Qazlal.
  2125 | D:3      | Found a shattered altar of Ashenzari.
  2270 | D:3      | Reached skill level 4 in Shields
  2532 | D:3      | Reached XP level 5. HP: 36/36 MP: 5/5
  2941 | D:3      | Paralysed by a potion of paralysis for 2 turns
  3191 | D:4      | Noticed a slave
  3191 | D:4      | Noticed a slave
  3192 | D:4      | Noticed a slave
  3193 | D:4      | Noticed Pikel
  3256 | D:3      | Killed a slave
  3607 | D:4      | Noticed an ogre
  3622 | D:4      | Killed an ogre
  3622 | D:4      | Reached XP level 6. HP: 37/42 MP: 6/6
  3709 | D:4      | Noticed a slave
  3729 | D:4      | Killed a slave
  3776 | D:4      | Killed from afar by Pikel

Action                   |  1- 3 |  4- 6 || total
-------------------------+-------+-------++-------
Melee: Long sword        |   116 |   122 ||   238
 Fire: Blowgun           |       |    21 ||    21
Evoke: Wand              |       |     1 ||     1
  Use: Potion            |       |     7 ||     7
       Scroll            |       |     6 ||     6
